 Dungeon Crawl Stone Soup version 0.25-a0-1136-gc1285e62ab (webtiles) character file.

Game seed: 7462096498818054689, levelgen mode: deterministic

221 Delarado the Ruffian (level 5, -3/36 HPs)
             Began as an Octopode Fighter on May 23, 2020.
             Slain by Grinder (7 damage)
             ... on level 3 of the Dungeon.
             The game lasted 00:02:44 (2374 turns).

Delarado the Ruffian (Octopode Fighter)             Turns: 2374, Time: 00:02:45

Health: -3/36      AC:  1    Str: 15    XL:     5   Next: 98%
Magic:  5/5        EV: 12    Int: 10    God:
Gold:   102        SH:  8    Dex: 13    Spells: 4/4 levels left

rFire    . . .     SeeInvis .     - Unarmed
rCold    . . .     Gourm    .   a - +0 kite shield
rNeg     . . .     Faith    .   (helmet restricted)
rPois    .         Spirit   .   g - amulet of the acrobat
rElec    .         Reflect  .   (no ring)
rCorr    .         Harm     .   (no ring)
MR       .....                  (no ring)
Stlth    ++........             (no ring)
HPRegen  0.12/turn              (no ring)
MPRegen  0.09/turn              (no ring)
                                (no ring)
                                (no ring)

@: no status effects
A: almost no armour, stealthy swim, amphibious, 8 rings, constrict 8, camouflage
1, gelatinous body 1
a: no special abilities


You were on level 3 of the Dungeon.
You were not hungry.

You visited 1 branch of the dungeon, and saw 3 of its levels.

You collected 102 gold pieces.

Inventory:

Missiles
 b - 6 boomerangs
 e - 78 stones (quivered)
Armour
 a - a +0 kite shield (worn)
Jewellery
 g - an amulet of the acrobat (around mantle)
Scrolls
 h - a scroll of random uselessness {unknown}
 j - a scroll of identify {unknown}
 k - 4 scrolls of enchant weapon {unknown}
 l - 3 scrolls of teleportation {unknown}
 s - a scroll of blinking {unknown}
 u - a scroll of remove curse {unknown}
Potions
 d - a potion of haste {unknown}
 f - a potion of lignification {unknown}
 i - 2 potions of stabbing {unknown}
 m - a potion of mutation {unknown}
 n - 2 potions of degeneration {unknown}
 o - a potion of heal wounds {unknown}
 p - 2 potions of curing {unknown}
 q - a potion of berserk rage {unknown}
 r - a potion of brilliance {unknown}
Comestibles
 c - 6 rations
 t - 2 chunks of flesh


   Skills:
 - Level 3.0 Fighting
 - Level 3.0 Dodging
 - Level 3.0 Shields
 + Level 6.0 Unarmed Combat


You had 4 spell levels left.
You didn't know any spells.
Your spell library was empty.

Dungeon Overview and Level Annotations

Branches:
Dungeon (3/15)

Altars:

Annotations:
D:3 Grinder


Innate Abilities, Weirdness & Mutations

You cannot wear most types of armour.
You are very stealthy in the water. (Stealth+)
You are amphibious.
You can wear up to eight rings at the same time.
You can use your tentacles to constrict eight enemies at once.
Your skin changes colour to match your surroundings (Stealth+).
Your rubbery body absorbs attacks. (AC +1, EV +1)


Message History

You bludgeon the leopard gecko!
You kill the leopard gecko!
Grinder gestures at you. Pain shoots through your body!
You see here a leopard gecko corpse.
Grinder hits you.
You are too injured to fight recklessly!
You are too injured to fight recklessly!
You are too injured to fight recklessly!
You are too injured to fight recklessly!
You closely miss Grinder. You grab Grinder. You constrict Grinder.
Grinder hits you.
* * * LOW HITPOINT WARNING * * *
You writhe in agony.
* * * LOW HITPOINT WARNING * * *
You tentacle-slap Grinder but do no damage.
Grinder is lightly wounded.
You constrict Grinder, but do no damage.
Grinder hits you!
You die...

...# ...# ...# $..
## #######.. ...
#####.......##..##
...........5......
..........@.#
......##..†.#
......##..(.#
.......#....###
..............###
......##........##
# .....
#.........###.###
####
#...............##
####......).......


You could see Grinder.

Vanquished Creatures
  Sigmund (D:3)
  2 adders
  An ooze (D:1)
  3 leopard geckos
  An orc (D:3)
  5 bats
  A giant cockroach (D:2)
  6 goblins
  3 hobgoblins
  3 jackals (D:2)
  8 kobolds
  2 ball pythons (D:1)
  4 frilled lizards
  6 rats
46 creatures vanquished.

Notes
Turn   | Place    | Note
-------+----------+-------------------------------------------
     0 | D:1      | Delarado the Octopode Fighter began the quest for the Orb.
     0 | D:1      | Reached XP level 1. HP: 16/16 MP: 1/1
    68 | D:1      | Reached XP level 2. HP: 18/21 MP: 2/2
    76 | D:1      | Reached skill level 3 in Unarmed Combat
   610 | D:1      | Reached XP level 3. HP: 26/26 MP: 3/3
  1678 | D:2      | Reached skill level 4 in Unarmed Combat
  1963 | D:2      | Reached XP level 4. HP: 31/31 MP: 4/4
  2215 | D:3      | Noticed Sigmund
  2303 | D:3      | Killed Sigmund
  2303 | D:3      | Reached skill level 6 in Unarmed Combat
  2303 | D:3      | Reached XP level 5. HP: 20/36 MP: 5/5
  2368 | D:3      | Noticed Grinder
  2374 | D:3      | Slain by Grinder

Illustrated notes

Levels and vault maps discovered:
D:1:      roderic_octagonal_star, layout_basic, st_stairs_12,
          ebering_dispersal_statue_hall, hangedman_decor_growths,
          chequers_serial_rivers_micro_b
D:2:      layout_basic
D:3:      layout_rooms, first_ration, kennysheep_generic_room_7, uniq_sigmund,
          uniq_grinder

Skill      XL: |  1  2  3  4 |
---------------+-------------+-----
Unarmed Combat | 3 4 6 |  6.0
Fighting       | |  3.0
Dodging        | |  3.0
Shields        | |  3.0

Action                   |  1- 3 |  4- 6 || total
-------------------------+-------+-------++-------
Melee: Unarmed           |    76 |    12 ||    88
       Constrict         |    21 |     4 ||    25
       Tentacles         |    13 |     2 ||    15
       Punch             |     1 |       ||     1
Throw: Stone             |       |     1 ||     1
  Use: Potion            |       |     1 ||     1
 Stab: Sleeping          |     3 |     1 ||     4
  Eat: Chunk             |     3 |     1 ||     4
Armor: Skin              |     4 |       ||     4
Dodge: Dodged            |    24 |     7 ||    31
Block: Kite shield       |    28 |     4 ||    32

Table legend:
 A = Non-vault XP
 B = Vault XP
 C = Vault XP percentage of total XP
 D = Non-vault monster count
 E = Vault monster count
 F = Vault count percentage of total count
                 A         B        C        D         E       F
            +---------+---------+-------+---------+---------+-------
      Total |     102 |     215 |  67.8 |      43 |       3 |   6.5
            +---------+---------+-------+---------+---------+-------
        D:1 |      34 |       3 |   8.1 |      16 |       2 |  11.1
        D:2 |      47 |       0 |   0.0 |      23 |       0 |   0.0
        D:3 |      21 |     212 |  91.0 |       4 |       1 |  20.0
            +---------+---------+-------+---------+---------+-------
